 Dungeon Sprint DCSS version 0.17-a0-18-gc25b939 (webtiles) character file.

11624 MDvedh the Severer (level 11, 0/114 HPs)
             Began as a Naga Fighter on Mar 6, 2015.
             Was the Champion of Cheibriados.
             Slain by a large abomination (22 damage)
             ... while paralysed by an eldritch tentacle
             ... in the Dungeon (Sprint V: "Ziggurat Sprint").
             The game lasted 00:07:08 (1255 turns).

MDvedh the Severer (Naga Fighter)                   Turns: 1255, Time: 00:07:09

Health: 0/114      AC: 24    Str: 46    XL:     11   Next: 80%
Magic:  35/35      EV:  1    Int: 33    God:    Cheibriados [******]
Gold:   0          SH:  0    Dex: 27    Spells: 0 memorised, 10 levels left

rFire  . . .     SeeInvis +     m - +5 broad axe
rCold  + . .     Clarity  +     W - +8 orange crystal plate armour {Archmagi, Int+3 Clar SustAb}
rNeg   + . .     SustAb   +     E - +3 large shield
rPois  +         Gourm    .     (no helmet)
rElec  .         Spirit   .     (no cloak)
rCorr  .         Warding  +     (no gloves)
rMut   .         NoTele   +     (no barding)
MR     +....                    T - amulet of Dubaorch {Ward rN+ Int+5 Dex+2}
Stlth  ..........               N - ring of Ehinkum {Wiz Str+6}
                                S - ring "Deupt" {rC+ MP+9 Str+4}

@: paralysed, studying Earth Magic, drained, very slow, somewhat resistant to
hostile enchantments, extremely unstealthy
A: spit poison, see invisible, deformed body, poison resistance, slowness 2, AC
+3
a: Spit Poison, Bend Time, Temporal Distortion, Slouch, Step From Time, Renounce
Religion


You were in the Dungeon.
You worshipped Cheibriados.
Cheibriados was exalted by your worship.
You were not hungry.

You visited 1 branch

Inventory:

Hand weapons
 a - a +0 war axe
 l - a +5 battleaxe
 m - a +5 broad axe (weapon)
 n - a +5 executioner's axe
Armour
 y - a +5 gold dragon armour
 E - a +3 large shield (worn)
 W - the +8 orange crystal plate armour (worn) {Archmagi, Int+3 Clar SustAb}
   (You found it in the Dungeon)

   It affects your intelligence (+3).
   It sustains your strength, intelligence and dexterity.
   It protects you against confusion.
Jewellery
 C - the ring "Poefopn" {+cTele rElec rPois Str-3 Int-2 Stlth+}
   (You found it in the Dungeon)

   [ring of teleport control]

   It can be evoked for teleport control.
   It affects your strength (-3).
   It affects your intelligence (-2).
   It insulates you from electricity.
   It protects you from poison.
   It makes you more stealthy.
 H - a +6 ring of dexterity
 I - a +6 ring of dexterity
 J - a +6 ring of intelligence
 K - a +6 ring of intelligence
 L - a +6 ring of strength
 M - a +6 ring of strength
 N - the ring of Ehinkum (right hand) {Wiz Str+6}
   (You found it in the Dungeon)

   [ring of wizardry]

   It improves your spell success rate.
   It affects your strength (+6).
 O - a ring of the Octopus King {rN+ AC+1 EV+1 Str+1 Int+1 Dex+1}
   (You found it in the Dungeon)

   [ring of positive energy]

   It affects your AC (+1).
   It affects your evasion (+1).
   It affects your strength (+1).
   It affects your intelligence (+1).
   It affects your dexterity (+1).
   It protects you from negative energy.
 P - an uncursed ring of fire
 Q - an uncursed ring of protection from cold
 S - the ring "Deupt" (left hand) {rC+ MP+9 Str+4}
   (You found it in the Dungeon)

   [ring of protection from cold]

   It affects your strength (+4).
   It protects you from cold.
   It affects your magic capacity (+9).
 T - the amulet of Dubaorch (around neck) {Ward rN+ Int+5 Dex+2}
   (You found it in the Dungeon)

   [amulet of warding]

   It may prevent the melee attacks of summoned creatures.
   It affects your intelligence (+5).
   It affects your dexterity (+2).
   It protects you from negative energy.
 V - an uncursed ring of ice
Magical devices
 b - a wand of disintegration (7)
 c - a wand of fire (5)
 F - a wand of cold (5)
 G - a wand of draining (5)
Scrolls
 k - 4 scrolls of blinking
 q - 4 scrolls of amnesia
 r - 3 scrolls of recharging
 s - 7 scrolls of fog
 t - a scroll of holy word
 u - 5 scrolls of identify
 v - 5 scrolls of remove curse
 w - 2 scrolls of fear
Potions
 e - 6 potions of might
 f - 10 potions of curing
 g - 10 potions of heal wounds
 h - 6 potions of haste
 i - 7 potions of magic
 j - 3 potions of berserk rage
 x - 2 potions of brilliance
 z - 2 potions of invisibility
 A - 2 potions of restore abilities
 B - 4 potions of resistance
 D - 5 potions of agility
Books
 U - a manual of Earth Magic
Miscellaneous
 R - a plain deck of wonders {drawn: 1}
Comestibles
 d - 5 bread rations
 o - 42 fruits
 p - 4 meat rations


   Skills:
 + Level 11.8(11.4) Fighting
 + Level 17.9(17.5) Axes
 + Level 10.1(9.8) Armour
 + Level 9.2(8.9) Dodging
 + Level 7.7(7.4) Shields
 + Level 11.9(11.5) Invocations


You had 10 spell levels left.
You didn't know any spells.

Dungeon Overview and Level Annotations

Branches:
Dungeon (1/1)

Altars:
Ashenzari
Cheibriados
Dithmenos
Elyvilon
Fedhas
Gozag
Kikubaaqudgha
Makhleb
Nemelex Xobeh
Okawaru
Qazlal
Ru
Sif Muna
Trog
Vehumet
Xom
Yredelemnul
Zin
The Shining One
Beogh
Jiyva
Lugonu


Innate Abilities, Weirdness & Mutations

You cannot wear boots.
You can spit poison.
Your serpentine skin is tough (AC +3).
You have supernaturally acute eyesight.
Armour fits poorly on your strangely shaped body.
Your system is resistant to poisons.
You cover ground very slowly.


Message History

You block the eldritch tentacle's attack.
The ufetubus hits you but does no damage.
You block the ufetubus' attack. The small abomination misses you.
You block the large abomination's attack.
The eldritch tentacle slaps you!
You suddenly lose the ability to move!
The eldritch tentacle claws you!!
The ufetubus hits you but does no damage.
The ufetubus barely misses you. The Shadow Fiend gestures at you.
The bolt of negative energy hits the ufetubus.
The ufetubus completely resists.
The bolt of negative energy hits you! You partially resist.
You feel drained.
The lich gestures wildly while chanting.
The smoke demon gestures at you. Something smites you!
* * * LOW HITPOINT WARNING * * *
The small abomination hits you.
* * * LOW HITPOINT WARNING * * *
The large abomination hits you!!
You die...

8©8 ▓...8©8...▓
..)=?:=..▓...|.))..▓
▓..):?):..▓...[[|:..▓
▓.........▓.........▓
▓.........▓.........▓
▓.........▓....))...▓
▓....3.*..▓.....))..▓
▓...xX*...▓.▓.)(..▓.▓
▓1XX5@w...▓....(....▓
▓.XXL.X...▓▓▓▓▓▓▓▓▓▓▓
▓▓▓▓▓▓▓▓▓▓▓


You could see a tentacled monstrosity, an eldritch tentacle, a Shadow Fiend, a
lich, 5 large abominations, a smoke demon, a small abomination and an ufetubus.

Vanquished Creatures
  2 vault wardens (D)
  A very ugly thing (D)
  2 vault guards (D)
  A wretched star (D)
  A spriggan druid (D)
  An ironbrand convoker (D)
  An orc knight (D)
  A worldbinder (D)
  A yaktaur (D)
  2 fire drakes (D)
  5 spriggans (D)
  A yak (D)
  A redback (D)
  2 steam dragons (D)
  3 wolves (D)
  2 swamp drakes (D)
  A porcupine (D)
  3 necrophages (D)
  An orc warrior (D)
  2 wasps (D)
  An ice beast (D)
  2 black bears (D)
  3 quasits (D)
  3 orc wizards (D)
  5 orc priests (D)
  2 iguanas (D)
  A shadow imp (D)
  6 ufetubi (D)
  An adder skeleton (D)
  2 orcs (D)
  A ball python simulacrum (D)
61 creatures vanquished.

Vanquished Creatures (others)
  3 eldritch tentacle segments (D)
3 creatures vanquished.

Grand Total: 64 creatures vanquished

Notes
Turn   | Place    | Note
--------------------------------------------------------------
     0 | D        | MDvedh, the Naga Fighter, began the quest for the Orb.
     0 | D        | Reached XP level 1. HP: 21/21 MP: 1/1
     0 | D        | Found a basalt altar of Yredelemnul.
     0 | D        | Found an iron altar of Okawaru.
     0 | D        | Found a radiant altar of Vehumet.
     1 | D        | Found a shimmering altar of Xom.
     2 | D        | Found a burning altar of Makhleb.
     3 | D        | Found a deep blue altar of Sif Muna.
    11 | D        | Found a corrupted altar of Lugonu.
    11 | D        | Found a white marble altar of Elyvilon.
    12 | D        | Found a sparkling altar of Nemelex Xobeh.
    14 | D        | Found a viscous altar of Jiyva.
    61 | D        | Found a bloodstained altar of Trog.
    87 | D        | Became a worshipper of Cheibriados the Contemplative
   106 | D        | Reached skill level 7 in Axes
   106 | D        | Reached XP level 2. HP: 28/28 MP: 2/2
   110 | D        | Entered arena 1.
   110 | D        | Noticed an ice beast
   113 | D        | Killed an ice beast
   113 | D        | Acquired Cheibriados' first power
   113 | D        | Reached skill level 8 in Axes
   113 | D        | Reached XP level 3. HP: 34/38 MP: 3/3
   113 | D        | Reached XP level 4. HP: 40/45 MP: 4/4
   120 | D        | Entered arena 2.
   120 | D        | Noticed a spriggan
   120 | D        | Noticed a black bear
   120 | D        | Noticed a black bear
   123 | D        | Killed a black bear
   123 | D        | Reached skill level 10 in Axes
   123 | D        | Reached XP level 5. HP: 37/51 MP: 5/5
   127 | D        | Killed a black bear
   127 | D        | Reached skill level 11 in Axes
   127 | D        | Reached XP level 6. HP: 21/60 MP: 6/6
   129 | D        | Killed a spriggan
   129 | D        | Reached skill level 13 in Axes
   129 | D        | Reached XP level 7. HP: 23/66 MP: 7/7
   327 | D        | Got the ring "Poefopn" {+cTele rElec rPois Str-3 Int-2 Stlth+}
   330 | D        | Got the ring of Ehinkum {Wiz Str+6}
   335 | D        | Entered arena 3.
   335 | D        | Noticed a necrophage
   335 | D        | Noticed a necrophage
   335 | D        | Noticed a necrophage
   338 | D        | Killed a necrophage
   338 | D        | Reached skill level 5 in Fighting
   338 | D        | Reached skill level 1 in Dodging
   338 | D        | Reached skill level 1 in Invocations
   340 | D        | Killed a necrophage
   340 | D        | Acquired Cheibriados' second power
   344 | D        | Killed a necrophage
   372 | D        | Entered arena 4.
   372 | D        | Noticed an iguana
   372 | D        | Noticed a yak
   372 | D        | Noticed a porcupine
   372 | D        | Noticed an iguana
   375 | D        | Killed an iguana
   375 | D        | Acquired Cheibriados' third power
   376 | D        | Killed a porcupine
   376 | D        | Reached skill level 5 in Armour
   376 | D        | Reached XP level 8. HP: 74/76 MP: 11/13
   377 | D        | Killed a yak
   377 | D        | Acquired Cheibriados' fourth power
   378 | D        | Killed an iguana
   419 | D        | Entered arena 5.
   419 | D        | Noticed an orc wizard
   419 | D        | Noticed an orc priest
   419 | D        | Noticed an orc wizard
   419 | D        | Noticed an orc priest
   419 | D        | Noticed an orc priest
   421 | D        | Killed an orc priest
   421 | D        | Killed an orc wizard
   422 | D        | Killed an orc priest
   422 | D        | Killed an orc wizard
   422 | D        | Reached skill level 5 in Invocations
   423 | D        | Killed an orc priest
   468 | D        | Entered arena 6.
   468 | D        | Noticed a steam dragon
   468 | D        | Noticed a steam dragon
   468 | D        | Noticed a fire drake
   468 | D        | Noticed a fire drake
   468 | D        | Noticed a swamp drake
   468 | D        | Noticed a swamp drake
   470 | D        | Killed a fire drake
   470 | D        | Reached skill level 14 in Axes
   471 | D        | Killed a steam dragon
   473 | D        | Killed a swamp drake
   473 | D        | Killed a swamp drake
   473 | D        | Reached XP level 9. HP: 50/87 MP: 15/18
   477 | D        | Killed a fire drake
   477 | D        | Reached skill level 5 in Dodging
   479 | D        | Killed a steam dragon
   645 | D        | Entered arena 7.
   645 | D        | Noticed an orc priest
   645 | D        | Noticed an orc warrior
   645 | D        | Noticed an orc wizard
   645 | D        | Noticed an orc priest
   647 | D        | Killed an orc priest
   649 | D        | Killed an orc wizard
   654 | D        | Killed an orc warrior
   654 | D        | Reached skill level 15 in Axes
   659 | D        | Killed an orc priest
   748 | D        | Entered arena 8.
   748 | D        | Noticed a wretched star
   748 | D        | Noticed a quasit
   748 | D        | Noticed a worldbinder
   748 | D        | Noticed a quasit
   750 | D        | Killed a quasit
   751 | D        | Noticed a deep elf priest
   752 | D        | Killed a worldbinder
   755 | D        | Killed a quasit
   758 | D        | Killed a wretched star
   758 | D        | Reached XP level 10. HP: 79/79 MP: 19/19
   764 | D        | Got the ring "Deupt" {rC+ MP+9 Str+4}
   815 | D        | Got the amulet of Dubaorch {Ward rN+ Int+5 Dex+2}
   822 | D        | Entered arena 9.
   822 | D        | Noticed a spriggan
   822 | D        | Noticed a spriggan druid
   822 | D        | Noticed a spriggan
   822 | D        | Noticed a wolf
   822 | D        | Noticed a spriggan rider
   822 | D        | Noticed a spriggan rider
   823 | D        | Noticed a wolf
   823 | D        | Noticed a wolf
   825 | D        | Killed a wolf
   828 | D        | Killed a spriggan
   828 | D        | Reached skill level 16 in Axes
   829 | D        | Killed a wolf
   829 | D        | Killed a wolf
   829 | D        | Killed a spriggan druid
   829 | D        | Killed a spriggan
   830 | D        | Killed a wasp
   830 | D        | Reached skill level 5 in Shields
   830 | D        | Killed a spriggan rider
   830 | D        | Killed a wasp
   830 | D        | Reached skill level 10 in Fighting
   831 | D        | Killed a spriggan
  1122 | D        | Entered arena 10.
  1122 | D        | Noticed an ironbrand convoker
  1122 | D        | Noticed a vault warden
  1122 | D        | Noticed a vault guard
  1122 | D        | Noticed a yaktaur
  1122 | D        | Noticed a vault warden
  1122 | D        | Noticed a redback
  1122 | D        | Noticed a red very ugly thing
  1122 | D        | Noticed an orc knight
  1122 | D        | Noticed a vault guard
  1124 | D        | Killed a redback
  1125 | D        | Killed an ironbrand convoker
  1125 | D        | Reached skill level 10 in Invocations
  1125 | D        | Killed a yaktaur
  1125 | D        | Reached skill level 17 in Axes
  1126 | D        | Killed an orc knight
  1126 | D        | Reached XP level 11. HP: 95/110 MP: 22/25
  1126 | D        | Killed a vault warden
  1126 | D        | Killed a vault guard
  1126 | D        | Killed a vault guard
  1127 | D        | Killed a vault warden
  1127 | D        | Killed a red very ugly thing
  1127 | D        | Reached skill level 10 in Armour
  1233 | D        | Got a ring of the Octopus King {rN+ AC+1 EV+1 Str+1 Int+1 Dex+1}
  1249 | D        | Entered arena 11.
  1249 | D        | Noticed a large abomination
  1249 | D        | Noticed a lich
  1249 | D        | Noticed a quasit
  1249 | D        | Noticed a small abomination
  1250 | D        | Noticed a smoke demon
  1252 | D        | Noticed an eldritch tentacle
  1252 | D        | Killed a quasit
  1254 | D        | Noticed a Shadow Fiend
  1254 | D        | Paralysed by an eldritch tentacle for 5 turns
  1255 | D        | Slain by a large abomination

Action                   |  1- 3 |  4- 6 |  7- 9 | 10-12 || total
-------------------------+-------+-------+-------+-------++-------
Melee: Broad axe         |     3 |     8 |    47 |    10 ||    68
Invok: Slouch            |       |       |       |     7 ||     7
Evoke: Deck              |       |       |     1 |       ||     1
  Use: Potion            |     1 |       |       |       ||     1
  Eat: Chunk             |       |       |       |     1 ||     1
